 Dungeon Crawl Stone Soup version 0.23.2-40-g277498a001 (webtiles) character file.

Game seed: 10003901750557863169

1695 Marnok the Cutter (level 8, -12/71 HPs)
             Began as a Minotaur Fighter on Oct 14, 2019.
             Shot with a bolt by an orc warrior (26 damage)
             ... in a bailey.
             The game lasted 00:16:40 (5086 turns).

Marnok the Cutter (Minotaur Fighter)                Turns: 5086, Time: 00:16:41

Health: -12/71     AC: 10    Str: 24    XL:     8   Next: 72%
Magic:  7/7        EV: 11    Int:  5    God:
Gold:   267        SH: 10    Dex:  9    Spells: 7/7 levels left

rFire    . . .     SeeInvis .   q - +2 dagger (speed)
rCold    . . .     Gourm    .   c - +0 shield
rNeg     . . .     Faith    .   A - +2 leather armour {MR+}
rPois    .         Spirit   .   (helmet restricted)
rElec    .         Reflect  .   B - +0 cloak
rCorr    .         Harm     .   g - +2 pair of gloves
MR       +....     Rnd*Tele +   (no boots)
Stlth    +.........             j - amulet of regeneration
HPRegen  0.61/turn              k - ring of teleportation (curse)
MPRegen  0.10/turn              m - ring of flight

@: no status effects
A: retaliatory headbutt, horns 2
a: Evoke Flight


You were in a bailey.
You were hungry.

You visited 1 branch of the dungeon, and saw 9 of its levels.
You also visited: Bailey.

You collected 267 gold pieces.

Inventory:

Hand Weapons
 b - a +1 rapier of electrocution
 i - a +2 hand axe of draining
 q - a +2 dagger of speed (weapon)
 s - a cursed -3 quarterstaff
 y - a +3 quarterstaff of chaos
Armour
 c - a +0 shield (worn)
 g - a +2 pair of gloves (worn)
 A - a +2 leather armour of magic resistance (worn)
 B - a +0 cloak (worn)
Jewellery
 j - an amulet of regeneration (around neck)
 k - a cursed ring of teleportation (left hand)
 l - an uncursed amulet of faith
 m - a ring of flight (right hand)
Scrolls
 p - 3 scrolls of amnesia
 r - 2 scrolls of teleportation
 x - a scroll of enchant armour
 D - a scroll of noise {unknown}
Potions
 a - a potion of heal wounds
 d - a potion of might
 e - a potion of agility {unknown}
 h - a potion of curing
 n - a potion of flight
 o - 4 potions of degeneration
 t - a potion of lignification {unknown}
 u - a potion of haste {unknown}
 v - a potion of cancellation {unknown}
 z - a potion of experience {unknown}
Comestibles
 f - 11 rations
 C - 2 chunks of flesh


   Skills:
 + Level 6.6 Fighting
 + Level 7.1(7.7) Short Blades
   Level 4.8(7.0) Long Blades
 + Level 5.5 Armour
 + Level 3.4 Dodging
 + Level 0.8 Stealth
 + Level 6.5 Shields


You had 7 spell levels left.
You didn't know any spells.
Your spell library contained the following spells:

 Spells                   Type           Power        Failure   Level  Hunger
 Corona                   Hex            #......      87%         1    ##.....
 Ensorcelled Hibernation  Hex/Ice        #.....       95%         2    ###....
 Confuse                  Hex            #.......     99%         3    ####...
 Dazzling Spray           Conj/Hex       #.....       99%         3    ####...
 Tukima's Dance           Hex            #.......     99%         3    ####...


Dungeon Overview and Level Annotations

Branches:
Dungeon (9/15)               Lair (0/6) D:9             Orc (0/2) D:9
 Temple: D:4-7

Altars:
Nemelex Xobeh
Sif Muna
Trog
The Shining One

Shops:
D:4 %

Annotations:
D:5 2 transporters, fritzmikael's ghost, amateur DsFi


Innate Abilities, Weirdness & Mutations

You reflexively headbutt those who attack you in melee.
You have a pair of horns on your head.


Message History

The orc warrior shoots a bolt.
The bolt closely misses you.
The orc warrior shoots a bolt.
The bolt hits you!
An orc warrior comes into view. It is wielding a +0 arbalest.
The orc warrior shouts!
The orc warrior shoots a bolt.
You block the bolt.
The orc warrior shoots a bolt.
The bolt barely misses you.
You see here 2 bolts.
The orc warrior shoots a bolt.
You block the bolt.
The orc warrior shoots a bolt.
You block the bolt.
You see here 2 bolts.
The orc knight roars a battlecry!
The orc knight goes into a battle-frenzy!
The orc warrior unwields a +0 arbalest.
The orc warrior hits you!!
The orc warrior shoots a bolt.
The bolt hits you but does no damage.
You barely miss the orc warrior. The orc warrior hits you.
You feel much better.
The orc warrior shoots a bolt.
The bolt hits you! The orc warrior hits you!!
* * * LOW HITPOINT WARNING * * *
The orc warrior shoots a bolt.
The bolt hits you!!
You die...

## #### ##∩##
######
....##...##.o...#
≈≈≈..#...#..≈≈≈..
≈o≈≈.......≈≈o≈≈.
oo≈.......≈oo.≈.
o≈≈....((o≈≈o≈≈.
≈≈..#..@#..≈≈≈..
. #(∩(##.....#
##∩## ###### ###


You could see 2 orc knights, 6 orc warriors and 2 orcs.

Vanquished Creatures
  Grinder (D:6)
  A water moccasin (D:9)
  A phantom (D:5)
  A sky beast (D:6)
  2 ogres (D:6)
  2 bullfrogs (D:6)
  2 scorpions
  A water moccasin skeleton (D:6)
  A howler monkey (D:4)
  A bullfrog zombie (D:5)
  5 crimson imps
  2 hounds (D:4)
  An iron imp (D:5)
  A jelly (D:5)
  A centaur skeleton (D:4)
  An orc priest (D:5)
  Crazy Yiuf (D:6)
  A bullfrog skeleton (D:6)
  An iguana (D:4)
  Terence (D:3)
  2 worker ants (D:5)
  A gnoll (D:1)
  7 adders
  2 oozes (D:1)
  2 adder skeletons
  3 worms
  4 leopard geckos
  10 orcs
  A bat skeleton (D:2)
  A bat zombie (D:2)
  6 giant cockroaches
  8 hobgoblins
  8 jackals
  A quokka (D:2)
  11 bats
  6 frilled lizards
  4 goblins
  A goblin zombie (D:5)
  3 hobgoblin zombies (D:5)
  7 kobolds
  A kobold skeleton (D:5)
  3 kobold zombies (D:5)
  2 leopard gecko skeletons
  An orc skeleton (D:5)
  A quokka skeleton (D:4)
  6 rats
130 creatures vanquished.

Notes
Turn   | Place    | Note
-------+----------+-------------------------------------------
     0 | D:1      | Marnok the Minotaur Fighter began the quest for the Orb.
     0 | D:1      | Reached XP level 1. HP: 19/19 MP: 0/0
   197 | D:1      | Reached XP level 2. HP: 25/27 MP: 1/1
   489 | D:1      | Reached XP level 3. HP: 30/33 MP: 2/2
  1067 | D:3      | Noticed Terence
  1072 | D:3      | Killed Terence
  1072 | D:3      | Reached XP level 4. HP: 40/40 MP: 3/3
  1486 | D:2      | Reached XP level 5. HP: 47/47 MP: 4/4
  1969 | D:3      | Found a sparkling altar of Nemelex Xobeh.
  2182 | D:3      | Reached skill level 1 in Dodging
  2249 | D:3      | Found a deep blue altar of Sif Muna.
  2432 | D:5      | Entered Level 5 of the Dungeon
  2438 | D:4      | Reached skill level 5 in Shields
  2654 | D:4      | Reached skill level 1 in Short Blades
  2654 | D:4      | Reached XP level 6. HP: 49/55 MP: 5/5
  2828 | D:4      | Reached skill level 5 in Fighting
  3001 | D:4      | Found Vemni's Food Shop.
  3249 | D:5      | Reached skill level 2 in Short Blades
  3265 | D:5      | Reached skill level 5 in Armour
  3391 | D:5      | Reached skill level 3 in Short Blades
  3391 | D:5      | Reached XP level 7. HP: 56/61 MP: 6/6
  3418 | D:5      | Found a glowing golden altar of the Shining One.
  3537 | D:5      | Noticed fritzmikael's ghost (amateur DsFi)
  3539 | D:5      | Found a transporter.
  3694 | D:5      | Reached skill level 4 in Short Blades
  3726 | D:5      | Found a transporter.
  4082 | D:6      | Reached skill level 5 in Short Blades
  4204 | D:6      | Reached XP level 8. HP: 70/70 MP: 7/7
  4238 | D:6      | Noticed Grinder
  4268 | D:6      | Killed Grinder
  4447 | D:6      | Reached skill level 6 in Short Blades
  4783 | D:6      | Found a runed translucent door.
  4784 | D:6      | Noticed Crazy Yiuf
  4790 | D:6      | Killed Crazy Yiuf
  5033 | D:9      | Found a bloodstained altar of Trog.
  5057 | D:9      | Reached skill level 7 in Short Blades
  5066 | D:9      | Found a flagged portal.
  5075 | Bailey   | Entered a bailey
  5075 | Bailey   | Noticed an orc knight
  5077 | Bailey   | Noticed an orc knight
  5086 | Bailey   | Shot with a bolt by an orc warrior

Skill      XL: |  1  2  3  4  5  6  7  8 |
---------------+-------------------------+-----
Shields        | 4 5 6 |  6.5
Fighting       | 4 5 6 |  6.6
Armour         | 4 5 |  5.5
Long Blades    | 3 4 |  4.8
Dodging        | 1 2 3 |  3.4
Short Blades   | 1 3 5 7 |  7.1
Stealth        | |  0.8

Action                   |  1- 3 |  4- 6 |  7- 9 || total
-------------------------+-------+-------+-------++-------
Melee: Long sword        |    65 |    47 |       ||   112
       Headbutt          |    10 |    32 |    51 ||    93
       Dagger            |       |   166 |   227 ||   393
  Use: Potion            |     3 |     1 |     3 ||     7
       Scroll            |     1 |     5 |     4 ||    10
  Eat: Chunk             |     1 |     7 |     5 ||    13
Armor: Scale mail        |    40 |    66 |     5 ||   111
       Leather armour    |       |       |    27 ||    27
Dodge: Dodged            |    22 |    60 |    41 ||   123
Block: Shield            |    43 |    92 |    52 ||   187
       Rpst.: Long sword |     5 |     7 |       ||    12
